 Dungeon Crawl Stone Soup version 0.28-a0-1152-g9c71ebef14 (webtiles) character file.

Game seed: 8951436188027872052

100 mcbry74 the Firebug (level 4, -2/33 HPs)
             Began as a Hill Orc Fire Elementalist on Dec 14, 2021.
             Slain by an ogre (22 damage)
             ... on level 3 of the Dungeon.
             The game lasted 00:12:32 (3536 turns).

mcbry74 the Firebug (Hill Orc Fire Elementalist)    Turns: 3536, Time: 00:12:33

Health: -2/33      AC:  2    Str: 10    XL:     4   Next: 73%
Magic:  4/6        EV: 12    Int: 17    God:
Gold:   74         SH:  0    Dex: 11    Spells: 3/6 levels left

rFire   . . .      SeeInvis .   b - +0 hand axe
rCold   . . .      Faith    .   (no shield)
rNeg    + . .      Spirit   .   a - +0 robe
rPois   .          Reflect  .   (no helmet)
rElec   .          Harm     .   (no cloak)
rCorr   .          Rampage  .   (no gloves)
Will    .....                   (no boots)
Stlth   ++........              (no amulet)
HPRegen 0.11/turn               f - ring of positive energy
MPRegen 0.10/turn               (no ring)

@: no status effects
A: no striking features
a: no special abilities


You were on level 3 of the Dungeon.
You visited 1 branch of the dungeon, and saw 3 of its levels.

You collected 74 gold pieces.

Inventory:

Hand Weapons
 b - a +0 hand axe (weapon)
Missiles
 m - 3 curare-tipped darts
Armour
 a - a +0 robe (worn)
Magical Staves
 d - a staff of earth
Jewellery
 f - a ring of positive energy (left hand)
Scrolls
 c - 2 scrolls of identify {unknown}
 g - 2 scrolls of silence {unknown}
 i - a scroll of enchant weapon {unknown}
 j - a scroll of immolation {unknown}
 k - a scroll of vulnerability {unknown}
 l - a scroll of fear {unknown}
Potions
 e - a potion of curing {unknown}
 h - a potion of flight {unknown}


   Skills:
 - Level 2.0 Axes
 - Level 1.5 Dodging
 - Level 1.5 Stealth
 - Level 1.5 Spellcasting
 + Level 2.2 Conjurations
 * Level 4.9 Fire Magic


You had 3 spell levels left.
You knew the following spells:

 Your Spells              Type           Power      Damage    Failure   Level
a - Foxfire               Conj/Fire      52%        2x1d6     4%          1
b - Scorch                Fire           36%        2d7       4%          2

Your spell library contained the following spells:

 Spells                   Type           Power      Damage    Failure   Level
 Conjure Flame            Conj/Fire      13%        6-21      14%         3
 Inner Flame              Hex/Fire       9%         N/A       22%         3
 Flame Wave               Conj/Fire      13%        2d5       41%         4


Dungeon Overview and Level Annotations

Branches:
Dungeon (3/15)

Altars:
Wu Jian
The Shining One

Annotations:
D:3 Jessica


Message History

The ball python misses you. The ball python barely misses you.
Casting: Foxfire (safe; 4% risk of failure)
Confirm with . or Enter, or press ? or * to list all spells.
You conjure some foxfire!
The ball python barely misses you. The ball python grabs you.
The ball python constricts you.
The ball python bites you but does no damage.
The ball python constricts you.
You escape the ball python's grasp.
The foxfire hits the ball python.
The ball python is heavily wounded.
The foxfire hits the ball python.
You kill the ball python!
You start resting.
Magic restored.
You now have 74 gold pieces (gained 8).
Found a stone staircase leading up.
An ogre is nearby!
Casting: Foxfire (safe; 4% risk of failure)
Confirm with . or Enter, or press ? or * to list all spells.
You conjure some foxfire!
The foxfire hits the ogre.
The ogre is lightly wounded.
The foxfire hits the ogre.
The ogre is moderately wounded.
Casting: Foxfire (safe; 4% risk of failure)
Confirm with . or Enter, or press ? or * to list all spells.
Flames lash the ogre.
The ogre is heavily wounded.
The ogre's fire resistance burns away.
Casting: Scorch (safe; 4% risk of failure)
Confirm with . or Enter, or press ? or * to list all spells.
You miscast Scorch.
You are very lightly contaminated with residual magic.
Nothing appears to happen.
The ogre hits you with a +0 giant spiked club!
Ouch! That really hurt!
The ogre is no longer more vulnerable to fire.
Your magical contamination has completely faded away.
The ogre hits you with a +0 giant spiked club!!
Ouch! That really hurt!
You die...

...#####.#######.....O<###
... #.#######.......###
#.###.##....#..........
#...........'....#.....
##.##.##....####.###.#.
#.....#....# #.# #.#.
#.##..#.)..# #.# #[#.
#.##..#########.###.##
#.##.@O.........##....
#.##.#######...###.###
#.##.....#.#.#.#.#.#
#.##...............#
#.##.....#.##+##.#.#
#....).....#...#...#
#.##.....#.'...+.###
#.##.......#...#..#
#.##.....#.##'##.##


You could see an ogre.

Vanquished Creatures
  An adder (D:2)
  2 worms (D:2)
  2 dart slugs
  7 ball pythons
  9 endoplasms
  3 giant cockroaches
  5 goblins
  7 hobgoblins
  8 jackals
  7 kobolds
  4 quokkas
  4 bats (D:1)
  A frilled lizard (D:3)
  9 rats
69 creatures vanquished.

Vanquished Creatures (others)
  103 foxfires
103 creatures vanquished.

Grand Total: 172 creatures vanquished

Notes
Turn   | Place    | Note
-------+----------+-------------------------------------------
     0 | D:1      | mcbry74 the Hill Orc Fire Elementalist began the quest for
                  | the Orb.
     0 | D:1      | Reached XP level 1. HP: 14/14 MP: 3/3
   504 | D:1      | Found a faded altar of an unknown god.
   637 | D:1      | Reached XP level 2. HP: 19/20 MP: 2/4
   665 | D:1      | Reached skill level 1 in Axes
  1300 | D:1      | Reached XP level 3. HP: 26/26 MP: 5/5
  1323 | D:1      | Reached skill level 4 in Fire Magic
  2049 | D:2      | Reached XP level 4. HP: 33/33 MP: 2/6
  2261 | D:2      | Learned a level 2 spell: Scorch
  2954 | D:3      | Found an ornate altar of the Wu Jian Council.
  3070 | D:3      | Noticed an ogre
  3192 | D:3      | Noticed Jessica
  3309 | D:3      | Found a glowing golden altar of the Shining One.
  3536 | D:3      | Slain by an ogre

Illustrated notes

Levels and vault maps discovered:
D:1:      minmay_arrival_diagonal_passages, layout_loops_corners,
          shapermc_ecumenical_altar_venn, minmay_crystal_room
D:2:      layout_loops_ring, minmay_quantized
D:3:      minmay_recursive_quarters, layout_basic,
          mainiacjoe_overflow_small_starburst, nzn_wu_jian_council_hall,
          minmay_misc_feat_doors, minmay_misc_feat_cross, uniq_jessica,
          uniq_terence

Skill      XL: |  1  2  3  4 |
---------------+-------------+-----
Axes           | 1 2 |  2.0
Fire Magic     | 4 |  4.9
Conjurations   | 2 |  2.2
Dodging        | |  1.5
Stealth        | |  1.5
Spellcasting   | |  1.5

Action                   |  1- 3 |  4- 6 || total
-------------------------+-------+-------++-------
Melee: Hand axe          |    72 |    39 ||   111
 Cast: Foxfire           |    36 |    23 ||    59
       Scorch            |       |     4 ||     4
 Stab: Sleeping          |     2 |     1 ||     3
Armor: Robe              |    13 |     5 ||    18
Dodge: Dodged            |    60 |    33 ||    93

Table legend: (Time is in decaauts)
 A = Elapsed time spent in this place.
 B = Non-inter-level travel time spent in this place.
 C = Inter-level travel time spent in this place.
 D = Time resting spent in this place.
 E = Time spent auto-exploring this place.
 F = Levels seen in this place.
 G = Mean time per level.
                   A        B        C        D        E       F      G
               +--------+--------+--------+--------+--------+-----+--------+
         Total |   3563 |   3450 |    113 |   1015 |   1730 |   3 | 1187.7 |
       Dungeon |   3563 |   3450 |    113 |   1015 |   1730 |   3 | 1187.7 |
               +--------+--------+--------+--------+--------+-----+--------+

Top non-repeatable levels by time:
     D:1: 1821 daAuts
     D:2: 1247 daAuts
     D:3: 494 daAuts
